 Dungeon Crawl Stone Soup version 0.30.1-11-g7821555f0a (webtiles) character file.

Game seed: 9500522085840892613

162305 mteerie the Warrior (level 17, -2/148 (170) HPs)
             Began as a Minotaur Berserker on Nov 30, 2023.
             Was a High Priest of Trog.
             Slain by a ghost moth (4 damage)
             ... on level 4 of the Spider Nest.
             The game lasted 03:29:07 (38470 turns).

mteerie the Warrior (Minotaur Berserker)           Turns: 38470, Time: 03:29:08

HP:   -2/148 (170)  AC: 23    Str: 23 (27) XL:     17   Next: 21%
MP:   0/16          EV:  9    Int: 10 (12) God:    Trog [*****.]
Gold: 1241          SH:  5    Dex:  5 (11) Spells: 16/16 levels left

rFire   . . .        Q - +1 dire flail (heavy)
rCold   + . .        (shield currently unavailable)
rNeg    . . .        V - +3 plate armour {rC+}
rPois   +            (helmet restricted)
rElec   .            (no cloak)
rCorr   .            q - +2 pair of gloves
SInv    .            W - +0 pair of boots {Stlth+}
Will    +....        S - amulet of reflection Stlth
                     Y - +6 ring of intelligence
HPRegen 0.44/turn    M - ring of poison resistance
MPRegen 0.15/turn

%: reflection
@: lethally poisoned (-2 -> -44), heavily drained
A: horns 2, retaliatory headbutt, subdued magic 1
a: Renounce Religion, Berserk, Trog's Hand, Brothers in Arms


You were on level 4 of the Spider Nest.
You worshipped Trog.
Trog was extremely pleased with you.
You visited 5 branches of the dungeon, and saw 27 of its levels.

You collected 2651 gold pieces.
You spent 1410 gold pieces at shops.

Inventory:

Hand Weapons
 a - a +1 hand axe of freezing
 t - a +6 dire flail of protection
 C - a +5 great mace
 Q - a +1 heavy dire flail (weapon)
Missiles
 g - 23 poisoned darts
 n - 14 boomerangs (quivered)
 r - 6 atropa-tipped darts
 A - a throwing net
Armour
 q - a +2 pair of gloves (worn)
 L - the +0 plate armour of Mope {Rampage rPois Dex+3}
   (You bought it in a shop on level 11 of the Dungeon)

   Dex:       It affects your dexterity (+3).
   rPois:     It protects you from poison.
   Rampage:   It bestows one free step when moving towards enemies.
 V - a +3 plate armour of cold resistance (worn)
 W - a +0 pair of boots of stealth (worn)
Jewellery
 e - a ring of willpower
 h - an amulet of regeneration
 i - a +6 ring of dexterity
 B - a ring of resist corrosion
 I - a ring of ice
 M - a ring of poison resistance (right hand)
 P - a +6 ring of strength
 S - an amulet of reflection (around neck)
 U - a ring of fire
 X - a +5 ring of evasion
 Y - a +6 ring of intelligence (left hand)
Wands
 E - a wand of iceblast (6)
 H - a wand of acid (12)
 N - a wand of charming (10)
 O - a wand of digging (11)
 R - a wand of mindburst (8)
Scrolls
 c - 5 scrolls of enchant weapon
 f - 2 scrolls of fear
 k - 4 scrolls of poison
 o - 11 scrolls of teleportation
 w - 3 scrolls of fog
 x - a scroll of noise
 z - 6 scrolls of brand weapon
 F - 13 scrolls of identify
 T - a scroll of vulnerability
 Z - 2 scrolls of silence
Potions
 b - 12 potions of curing
 d - 2 potions of haste
 j - a potion of resistance
 l - 2 potions of might
 m - 2 potions of flight
 p - 9 potions of attraction
 s - a potion of berserk rage
 u - 3 potions of cancellation
 v - 4 potions of lignification
 D - a potion of invisibility
 G - 13 potions of ambrosia
 K - 4 potions of magic
Miscellaneous
 y - a piece from Xom's chessboard (15/15)


   Skills:
 - Level 19.8 Fighting
 - Level 3.6(11.2) Axes
 - Level 16.3(16.4) Maces & Flails
 - Level 10.1 Throwing
 + Level 12.8 Armour
 + Level 13.9 Dodging
 - Level 8.3 Stealth
 - Level 10.4 Evocations


You had 16 spell levels left.
You didn't know any spells.
Your spell library contained the following spells:

 Spells                   Type           Power      Damage    Failure   Level
 Portal Projectile        Hex/Tloc       0%         N/A       100%        3
 Tukima's Dance           Hex            0%         N/A       100%        3
 Blade Hands              Tmut           0%         N/A       100%        5


Dungeon Overview and Level Annotations

Branches:
Dungeon (15/15)            Temple (0/1) D:5            Lair (5/5) D:11
  Swamp (1/4) Lair:3       Spider (4/4) Lair:2        Slime (0/5) Lair:5
    Orc (2/2) D:10            Elf (0/3) Orc:2        Vaults (0/5) D:13
 Depths (0/4) D:15

Altars:
Cheibriados
Fedhas
Gozag
Makhleb
Qazlal
Yredelemnul

Shops:
D:9 *   D:11 [   D:14 (   Orc:2 :[*[

Annotations:
D:5 Dowan, Duvessa
D:8 3 runed translucent doors, jurchenman's ghost, novice DEFE
D:9 Erolcha
D:12 1 transporter, Loveship's ghost, journeyman MiBe
D:14 1 runed translucent door
Lair:5 exclusion: obsidian statue


Innate Abilities, Weirdness & Mutations

You have a pair of horns on your head.
You reflexively headbutt those who attack you in melee.
Your spells are a little easier to cast, but a little less powerful.


Message History

Something hits you. Something hits you! Something stings you!
You barely miss something.
You feel very sick.
The redback bites you but does no damage.
A jumping spider comes into view.
Something hits you!
You feel weakened. Something hits you but does no damage. Something stings you!
* * * LOW HITPOINT WARNING * * *
Your two-headed ogre goes berserk!
You feel very sick. The redback bites you.
* * * LOW HITPOINT WARNING * * *
The jumping spider leaps!
Something hits you but does no damage. x2
Something stings you!
* * * LOW HITPOINT WARNING * * *
A redback comes into view.
The redback closely misses you. You furiously retaliate!
You headbutt the redback!
The jumping spider leaps!
You feel much better.
You feel very sick. The redback bites you!
* * * LOW HITPOINT WARNING * * *
You are lethally poisoned!
The redback poisons you!
You feel you are being watched by something.
Something hits you!
* * * LOW HITPOINT WARNING * * *
Something hits you.
* * * LOW HITPOINT WARNING * * *
Something stings you!
* * * LOW HITPOINT WARNING * * *
The redback attacks as you move away!
The redback bites you but does no damage.
* * * LOW HITPOINT WARNING * * *
You feel extremely sick.
The jumping spider leaps!
You feel you are being watched by something.
Something hits you but does no damage. Something hits you.
You die...

.~##.....##~...###....#
..~.....~#~.~### #~.~##
~.^...~...†~~### #~..~#
##^.~##~~~~###..##~...#
############.~~~~.~~##
#.~~~~.### #..#..~#
####~..# ##~@O##
##~{s## #°..s# #~..~#
#~..s## #~○..~~~
~.^.~#~~~..
...#######~~## ~## ###


You could see a jumping spider, 2 redbacks and a friendly two-headed ogre
(summoned, berserk).

Vanquished Creatures
  Nikola (Swamp:1)
  Rupert (D:12)
  Gastronok (D:9)
  3 ghost moths
  2 eleionomae (Swamp:1)
  A bunyip (Swamp:1)
  3 dire elephants (Lair:5)
  A fire dragon (D:15)
  2 entropy weavers (Spider:3)
  Fannar (D:11)
  A jorogumo (Spider:4)
  An ice dragon (D:15)
  6 hydras
  2 vault guards (D:12)
  An ogre mage (D:15)
  3 radroaches
  10 two-headed ogres
  5 boulder beetles
  3 centaur warriors
  4 death yaks
  A tengu warrior (D:13)
  3 orc high priests
  5 skeletal warriors (D:13)
  Nergalle (Lair:3)
  A skyshark (Lair:3)
  A spectral death yak (Lair:5)
  A spectral anaconda (Lair:5)
  A fire crab (shapeshifter) (D:14)
  2 orb spiders (Spider:4)
  4 pharaoh ants
  2 spriggan druids (Swamp:1)
  A swamp dragon (Swamp:1)
  2 bog bodies
  A lindwurm (Lair:5)
  6 orc knights
  Pikel (D:9)
  7 necromancers
  6 steelbarb worms
  14 ugly things
  2 deep elf pyromancers (D:14)
  21 wolf spiders
  5 orc sorcerers (Orc:2)
  5 cyclopes
  2 manticores
  4 moths of wrath
  2 black mambas
  2 torpor snails
  19 cane toads
  15 demonic crawlers
  16 elephants
  2 gargoyles
  A dire elephant skeleton (Lair:5)
  2 unseen horrors
  3 rime drakes
  A freezing wraith (D:15)
  6 komodo dragons
  2 yaktaurs
  4 red devils (D:15)
  9 meliai (Spider:3)
  A queen bee (D:10)
  5 hornets
  9 trolls
  2 polar bears (Lair:5)
  26 tarantellas
  3 tyrant leeches
  Grinder (D:6)
  Prince Ribbit (D:9)
  20 blink frogs
  A spectral elephant (Lair:5)
  4 dream sheep (Lair:5)
  A blink frog (shapeshifter) (D:14)
  27 jumping spiders
  3 slime creatures (D:15)
  Sigmund (D:4)
  19 culicivoras
  3 shadows (D:12)
  A vampire (D:8)
  29 yaks
  11 spriggans
  19 humans
  5 wraiths
  A wyvern (D:7)
  5 basilisks
  2 steam dragons
  62 redbacks
  Menkaure (D:4)
  4 wargs
  2 spectral cane toads (Lair:5)
  Edmund (D:4)
  15 water moccasins
  21 orc warriors
  2 sky beasts (D:7)
  An ice beast (D:5)
  7 black bears
  10 ogres
  7 centaurs
  13 wolves
  A lemure (D:9)
  3 kobold brigands
  11 bullfrogs
  A cane toad simulacrum (Lair:5)
  6 scorpions
  A hornet simulacrum (D:15)
  13 wights
  32 killer bees
  5 spriggan skeletons (D:9)
  A troll skeleton (D:9)
  3 electric eels
  4 howler monkeys
  A lava snake (D:9)
  6 jellies
  10 orc priests
  A hound (D:5)
  An iron imp (D:9)
  A sleepcap (D:3)
  2 hell rats (D:11)
  5 iguanas
  22 orc wizards
  Natasha (thrice) (D:3)
  3 gnolls (D:6)
  15 adders
  A river rat (D:11)
  2 shadow imps
  A white imp (D:5)
  An ufetubus (D:5)
  4 worms
  A dart slug (D:3)
  44 orcs
  3 bats (D:1)
  8 endoplasms
  6 giant cockroaches
  8 goblins
  10 hobgoblins
  6 jackals
  22 kobolds
  7 quokkas
  13 ball pythons
  A frilled lizard (D:1)
  10 rats
880 creatures vanquished.

Vanquished Creatures (collateral kills)
  2 broodmothers (Spider:4)
  A boulder beetle (Lair:5)
  A pharaoh ant (Spider:1)
  A wolf spider (Spider:4)
  A dire elephant zombie (Lair:5)
  2 tarantellas
  3 spectral elephants (Lair:5)
  A culicivora (Spider:4)
  5 jumping spiders
  4 redbacks
  A spectral cane toad (Lair:5)
  2 elephant skeletons (Lair:5)
24 creatures vanquished.

Vanquished Creatures (others)
  A ghost crab (Swamp:1)
  A deep elf pyromancer (D:15)
  An orc priest (Orc:2)
  2 orcs (D:7)
5 creatures vanquished.

Grand Total: 909 creatures vanquished

Notes
Turn   | Place    | Note
-------+----------+-------------------------------------------
     0 | D:1      | mteerie the Minotaur Berserker began the quest for the Orb.
     0 | D:1      | Reached XP level 1. HP: 19/19 MP: 0/0
    41 | D:1      | Reached skill level 1 in Maces & Flails
   164 | D:1      | Reached XP level 2. HP: 24/26 MP: 1/1
   709 | D:1      | Reached ** piety under Trog
   768 | D:1      | Reached XP level 3. HP: 31/31 MP: 2/2
  1122 | D:2      | Identified the +1 robe "Miseakh" {rElec rN+++ Will- Dex-2}
  1760 | D:2      | Reached XP level 4. HP: 39/39 MP: 3/3
  1872 | D:2      | Reached skill level 5 in Maces & Flails
  2620 | D:3      | Reached XP level 5. HP: 45/45 MP: 4/4
  2629 | D:3      | Found a faded altar of an unknown god.
  2717 | D:3      | Noticed Natasha
  2722 | D:3      | Killed Natasha
  2958 | D:3      | Noticed Natasha
  2973 | D:3      | Killed Natasha
  3012 | D:3      | Noticed Natasha
  3021 | D:3      | Killed Natasha
  3038 | D:4      | Noticed an ogre
  3251 | D:4      | Reached XP level 6. HP: 37/51 MP: 5/5
  3360 | D:4      | Reached *** piety under Trog
  3459 | D:4      | Noticed Menkaure
  3495 | D:4      | Reached XP level 7. HP: 49/57 MP: 6/6
  3566 | D:4      | Killed Menkaure
  3791 | D:4      | Noticed Sigmund
  3847 | D:4      | Killed Sigmund
  3848 | D:4      | Reached skill level 4 in Fighting
  3848 | D:4      | Reached skill level 10 in Maces & Flails
  3884 | D:4      | Noticed Edmund
  3935 | D:4      | Killed Edmund
  4049 | D:4      | Found a blossoming altar of Fedhas.
  4102 | D:5      | Entered Level 5 of the Dungeon
  4171 | D:5      | Reached XP level 8. HP: 65/67 MP: 7/7
  4282 | D:5      | Reached skill level 5 in Fighting
  4517 | D:5      | Noticed Dowan
  4519 | D:5      | Noticed Duvessa
  4646 | D:5      | Found a staircase to the Ecumenical Temple.
  4713 | D:5      | Noticed a two-headed ogre
  4724 | D:5      | Killed a two-headed ogre
  4725 | D:5      | Reached skill level 7 in Fighting
  4725 | D:5      | Reached XP level 9. HP: 74/79 MP: 8/8
  5177 | D:6      | Reached **** piety under Trog
  5228 | D:6      | Noticed Grinder
  5245 | D:6      | Killed Grinder
  5525 | D:6      | Reached skill level 8 in Fighting
  5874 | D:7      | Reached skill level 9 in Fighting
  5963 | D:7      | Found a burning altar of Makhleb.
  5976 | D:7      | Reached skill level 10 in Fighting
  6782 | D:7      | Reached XP level 10. HP: 94/94 MP: 9/9
  6921 | D:8      | Found a runed translucent gate.
  6922 | D:8      | Found a runed translucent gate.
  6923 | D:8      | Found a runed translucent gate.
  6923 | D:8      | Noticed jurchenman's ghost (novice DEFE)
  7062 | D:7      | Reached skill level 11 in Fighting
  7284 | D:8      | Noticed a two-headed ogre
  7284 | D:8      | Noticed a two-headed ogre
  7343 | D:7      | Killed a two-headed ogre
  7344 | D:7      | Reached skill level 5 in Armour
  7394 | D:8      | Killed a two-headed ogre
  7540 | D:8      | Found the +12 pair of quick blades "Gyre" and "Gimble"
                  | {protect}
  7662 | D:8      | Found a basalt altar of Yredelemnul.
  7840 | D:9      | Noticed Prince Ribbit
  7880 | D:8      | Reached skill level 12 in Fighting
  7880 | D:8      | Reached skill level 1 in Throwing
  7880 | D:8      | Reached skill level 5 in Dodging
  7880 | D:8      | Reached skill level 1 in Stealth
  7901 | D:9      | Killed Prince Ribbit
  7954 | D:9      | Reached ***** piety under Trog
  7966 | D:9      | Reached XP level 11. HP: 99/104 MP: 10/10
  7987 | D:9      | Noticed Erolcha
  8052 | D:9      | Found an opulent altar of Gozag.
  8086 | D:9      | Found a stormy altar of Qazlal.
  8369 | D:9      | Noticed Gastronok
  8386 | D:9      | Killed Gastronok
  8428 | D:9      | Found Yssyuhai's Demolitions Depot.
  8558 | D:9      | Noticed Pikel
  8575 | D:9      | Killed Pikel
  8784 | D:9      | Found a snail-covered altar of Cheibriados.
  8987 | D:10     | Entered Level 10 of the Dungeon
  9003 | D:10     | Received a gift from Trog
  9043 | D:10     | Noticed a two-headed ogre
  9051 | D:10     | Killed a two-headed ogre
  9252 | D:10     | Reached skill level 13 in Fighting
  9323 | D:10     | Found a staircase to the Orcish Mines.
  9465 | D:10     | Reached skill level 5 in Stealth
  9896 | D:11     | Noticed a death yak
  9934 | D:10     | Killed a death yak
  9983 | D:10     | Reached skill level 5 in Throwing
  9983 | D:10     | Reached XP level 12. HP: 89/115 MP: 11/11
 10021 | D:11     | Found a staircase to the Lair.
 10022 | D:11     | Noticed a death yak
 10032 | D:11     | Noticed a death yak
 10039 | D:10     | Killed a death yak
 10069 | D:11     | Killed a death yak
 10122 | D:11     | Noticed Fannar
 10137 | D:11     | Killed Fannar
 10147 | D:11     | Noticed a two-headed ogre
 10193 | D:11     | Killed a two-headed ogre
 10284 | D:11     | Found Gikid's Armour Boutique.
 10384 | D:11     | Bought the +0 plate armour of Mope {Rampage rPois Dex+3}
                  | for 405 gold pieces
 10406 | Lair:1   | Entered Level 1 of the Lair of Beasts
 10702 | Lair:1   | Found a blossoming altar of Fedhas.
 10783 | Lair:1   | Reached skill level 14 in Fighting
 10862 | Lair:1   | Received a gift from Trog
 11380 | Lair:2   | Found a dark tunnel.
 11498 | Lair:2   | Found the +15 Maxwell's patent armour {-Cast -Tele rElec
                  | Will+ rCorr}
 11932 | Lair:2   | Found a hole to the Spider Nest.
 11966 | Lair:2   | Reached skill level 10 in Dodging
 12101 | Lair:2   | Reached XP level 13. HP: 115/124 MP: 12/12
 12771 | Lair:3   | Found a staircase to the Swamp.
 12905 | Lair:3   | Received a gift from Trog
 13323 | Lair:3   | Noticed Nergalle
 13332 | Lair:3   | Killed Nergalle
 13403 | Lair:3   | Reached skill level 15 in Fighting
 14555 | Lair:5   | Entered Level 5 of the Lair of Beasts
 14598 | Lair:5   | Found a staircase to the Slime Pits.
 15232 | Lair:5   | Reached skill level 16 in Fighting
 15682 | Lair:5   | Noticed a dire elephant
 15712 | Lair:5   | Reached XP level 14. HP: 80/138 MP: 13/13
 16215 | Lair:5   | Reached skill level 17 in Fighting
 17095 | D:11     | Identified the +1 robe of Oblivion {rF+ rN+}
 17310 | D:12     | Noticed Rupert
 17391 | D:12     | Killed Rupert
 17671 | D:12     | Noticed Loveship's ghost (journeyman MiBe)
 17838 | D:12     | Found a transporter.
 18173 | Orc:1    | Entered Level 1 of the Orcish Mines
 18464 | Orc:1    | Reached skill level 10 in Armour
 18501 | D:10     | Reached skill level 18 in Fighting
 19045 | Orc:2    | Entered Level 2 of the Orcish Mines
 19475 | Orc:2    | Received a gift from Trog
 19593 | Orc:2    | Found a staircase to the Elven Halls.
 19708 | Orc:2    | Found Laps's Book Shoppe.
 20186 | Orc:2    | Found Ucehonu's Antique Armour Shoppe.
 20312 | Orc:2    | Found Epokom's Antique Armour Shop.
 20319 | Orc:2    | Found Bataw's Assorted Antiques.
 20351 | Orc:2    | Bought a shiny plate armour for 780 gold pieces
 20351 | Orc:2    | Bought a pair of glowing boots for 225 gold pieces
 20684 | D:13     | Reached XP level 15. HP: 141/149 MP: 14/14
 20849 | D:13     | Reached skill level 15 in Maces & Flails
 20849 | D:13     | Reached skill level 1 in Evocations
 21577 | D:13     | Found a gate to the Vaults.
 22703 | D:14     | Found Kubrujuf's Antique Weapon Boutique.
 22739 | D:14     | Received a gift from Trog
 23154 | D:14     | Found a runed translucent door.
 23234 | D:14     | Noticed a storm dragon
 23285 | D:15     | Entered Level 15 of the Dungeon
 23560 | D:14     | Reached skill level 10 in Throwing
 24542 | D:15     | Reached skill level 5 in Evocations
 24847 | D:15     | Found a staircase to the Depths.
 25344 | Swamp:1  | Entered Level 1 of the Swamp
 25361 | Swamp:1  | Noticed Nikola
 25668 | Swamp:1  | Killed Nikola
 26448 | Swamp:1  | HP: 4/225 [bog body (21)]
 26811 | Swamp:1  | Reached XP level 16. HP: 142/159 MP: 15/15
 27209 | Spider:1 | Entered Level 1 of the Spider Nest
 28352 | Spider:1 | Reached skill level 19 in Fighting
 32397 | Spider:3 | Reached skill level 10 in Evocations
 33922 | Spider:3 | Gained mutation: Your spells are a little easier to cast,
                  | but a little less powerful. [mutagenic glow]
 35292 | Spider:3 | Received a gift from Trog
 35732 | Spider:4 | Entered Level 4 of the Spider Nest
 37033 | Spider:4 | Reached XP level 17. HP: 158/170 MP: 16/16
 37532 | Spider:4 | Found the +8 demon blade "Leech" {evervamp, Harm Drain rN+}
 38063 | Spider:4 | Paralysed by a jorogumo for 3 turns
 38470 | Spider:4 | HP: 2/148 [poisoned by a redback]
 38470 | Spider:4 | Slain by a ghost moth

Illustrated notes

Levels and vault maps discovered:
D:1:      onia_arrival_handbag, layout_loops_ring
D:2:      layout_basic, minmay_snake_closets
D:3:      layout_loops_ring, hellmonk_ecumenical_altar_inner_sanctum,
          uniq_natasha
D:4:      layout_rooms, fedhas_altar_4, sigmund_edmund_badplayer, uniq_menkaure
D:5:      layout_loops_corners, minmay_temple_entry_hall, uniq_duvessa
D:6:      layout_rooms, nicolae_nh_ransacked_shop, uniq_grinder
D:7:      layout_cave_pods, mainiacjoe_overflow_boulevard
D:8:      layout_rooms, mainiacjoe_overflow_alcove_1, ebering_ghost_rock_garden,
          grunt_ogre_cave, hellmonk_guarded_unrand_gyre_and_gimble
D:9:      layout_small_grid, slow_altar_2, mainiacjoe_overflow_large_starburst,
          minmay_misc_feat_encased, fountainhead, nicolae_blasting_shop,
          nicolae_kite_square_tiling_tiny, hangedman_tell_no_tales,
          uniq_erolcha, uniq_gastronok, uniq_pikel, uniq_prince_ribbit1
D:10:     layout_loops_ring, orc_0_dummy, special_room [special_room_bee],
          kennysheep_another_room
D:11:     layout_rooms, dpeg_lair_monsters, serial_shops, shop, uniq_fannar
D:12:     layout_irregular_city, gammafunk_ghost_hive, uniq_rupert
D:13:     layout_irregular_city, grunt_vaults_entry_tiered
D:14:     minmay_expanding_circles, layout_cave_pods, chequers_mini_garden,
          serial_shops, nicolae_shop_crystal, serial_glass, glass_columns_a,
          glass_columns_b
D:15:     grunt_enter_depths_hoard, layout_cave_pools, hex_medium,
          corexii_hall_statues_u, einodemon_armed_red_devil_minivault
Lair:1:   layout_cave_pods, basic_altar, serial_bayou_pond_e,
          beast_lair_carwin_1, grunt_megastairs_4
Lair:2:   nzn_winding_woodlands_cross [nzn_winding_woodlands_5x15_sidewinder,
          nzn_winding_woodlands_5x15_parted, nzn_winding_woodlands_5x15_default,
          nzn_winding_woodlands_5x15_default,
          nzn_winding_woodlands_15x15_eel_pit], layout_cave_pods,
          nicolae_spider_entry_non_spiders, enter_volcano_1,
          serial_bayou_shore_b
Lair:3:   layout_small_grid, skrybe_swamp_entry_bodies, wad_woods_01,
          uniq_nergalle
Lair:4:   layout_regular_city, infiniplex_staircase_pool_2
Lair:5:   due_jungle_book, layout_concentric_octagons,
          nicolae_slime_entry_field_trip, lemuel_fruit_fields
Swamp:1:  layout_basic_swamp, nicolae_swamp_bean_lake, swamp_pool1, uniq_nikola
Spider:1: layout_spider_delve
Spider:2: layout_chambers, nicolae_crawler_farm, nicolae_spider_cling_halls
Spider:3: layout_spider_delve, nicolae_spider_cling_ruins
Spider:4: spider_rune_water
Orc:1:    layout_diamond_mine
Orc:2:    st_orc_elflike, layout_diamond_mine

Skill      XL: |  1  2  3  4  5  6  7  8  9 10 11 12 13 14 15 16 17 |
---------------+----------------------------------------------------+-----
Maces & Flails | 2 3 4 5 7 9 10 12 13 14 16 | 16.3
Fighting       | 4 7 10 12 13 14 16 18 19 | 19.8
Armour         | 7 9 10 11 12 | 12.8
Dodging        | 5 7 10 11 12 13 | 13.9
Throwing       | 1 5 8 10 | 10.1
Stealth        | 1 5 6 7 8 |  8.3
Evocations     | 6 10 | 10.4
Axes           | |  3.6

Action                     |  1- 3 |  4- 6 |  7- 9 | 10-12 | 13-15 | 16-18 || total
---------------------------+-------+-------+-------+-------+-------+-------++-------
  Melee: Hand axe          |    98 |   138 |    39 |       |       |       ||   275
         Headbutt          |    14 |    14 |    30 |   119 |   255 |   122 ||   554
         Punch             |       |     2 |       |       |       |       ||     2
         Dire flail        |       |       |   139 |   232 |   474 |   646 ||  1491
         Great mace        |       |       |       |   325 |   543 |       ||   868
  Throw: Dart              |       |     2 |     8 |     1 |     8 |   101 ||   120
         Throwing net      |       |       |       |       |     1 |       ||     1
         Boomerang         |       |       |       |       |       |    20 ||    20
 Invoke: Berserk           |       |     1 |     3 |     4 |    13 |     2 ||    23
         Brothers in Arms  |       |       |       |       |     3 |     7 ||    10
         Trog's Hand       |       |       |       |       |     2 |     2 ||     4
  Evoke: Wand              |       |       |       |       |     1 |     2 ||     3
    Use: Scroll            |     4 |     3 |     1 |     9 |    13 |     5 ||    35
         Potion            |     1 |     2 |     1 |     1 |     4 |     5 ||    14
   Stab: Invisible         |       |       |       |       |     1 |       ||     1
 Armour: Leather armour    |    15 |       |       |       |       |       ||    15
         Animal skin       |     1 |       |       |       |       |       ||     1
         Ring mail         |     8 |    42 |    18 |       |       |       ||    68
         Chain mail        |       |       |    26 |   187 |       |       ||   213
         Plate armour      |       |       |       |    84 |   449 |   637 ||  1170
  Dodge: Dodged            |    60 |    61 |    66 |   276 |   535 |   497 ||  1495
  Block: Other             |       |       |       |       |    30 |   205 ||   235
         Reflection        |       |       |       |       |     1 |       ||     1
